 Dungeon Crawl Stone Soup version 0.31-a0-187-gba352fbbf7 (webtiles) character file.

Game seed: 8647087425737394299

91 Gorgondantess the Gusty (level 4, -2/24 HPs)
             Began as a Tengu Air Elementalist on June 22, 2023.
             Slain by a gnoll
             ... wielding a +0 halberd
              (14 damage)
             ... on level 4 of the Dungeon.
             The game lasted 00:03:48 (2925 turns).

Gorgondantess the Gusty (Tengu Air Elementalist)    Turns: 2925, Time: 00:03:49

Health: -2/24      AC:  4    Str:  9    XL:     4   Next: 59%
Magic:  8/8        EV: 11    Int: 17    God:
Gold:   107        SH:  0    Dex: 14    Spells: 4/7 levels left

rFire   . . .        c - +0 trident
rCold   . . .        (no shield)
rNeg    . . .        l - +0 leather armour
rPois   .            (helmet restricted)
rElec   .            (no cloak)
rCorr   .            f - +0 pair of gloves
SInv    .            (boots unavailable)
Will    .....        p - amulet of magic regeneration
Stlth   ++           (no ring)
HPRegen 0.24/turn    (no ring)
MPRegen 0.51/turn

%: no passive effects
@: very slightly contaminated
A: beak, talons 3
a: no special abilities


You were on level 4 of the Dungeon.
You visited 1 branch of the dungeon, and saw 4 of its levels.

You collected 107 gold pieces.

Inventory:

Hand Weapons
 c - a +0 trident (weapon)
Missiles
 t - 8 poisoned darts
Armour
 a - a +0 robe
 f - a +0 pair of gloves (worn)
 l - a +0 leather armour (worn)
Jewellery
 p - an amulet of magic regeneration (around neck)
Scrolls
 d - 7 scrolls of identify {unknown}
 g - 2 scrolls of fog {unknown}
 j - a scroll of fear {unknown}
 k - 4 scrolls of blinking {unknown}
 n - a scroll of enchant weapon {unknown}
 q - a scroll of amnesia {unknown}
 r - a scroll of enchant armour {unknown}
 s - a scroll of butterflies {unknown}
 u - a scroll of teleportation {unknown}
Potions
 b - a potion of magic
 e - a potion of curing {unknown}
 h - a potion of brilliance {unknown}
 i - a potion of haste {unknown}
 m - 2 potions of heal wounds {unknown}
 o - a potion of attraction {unknown}


   Skills:
 - Level 1.0 Armour
 - Level 2.1 Dodging
 - Level 2.0 Stealth
 + Level 2.2 Spellcasting
 + Level 3.7 Conjurations
 + Level 5.4 Air Magic


You had 4 spell levels left.
You knew the following spells:

 Your Spells              Type           Power      Damage    Failure   Level
a - Shock                 Conj/Air       68%        1d7       4%          1
b - Static Discharge      Conj/Air       34%        2-4/arc   6%          2

Your spell library contained the following spells:

 Spells                   Type           Power      Damage    Failure   Level
 Swiftness                Air            20%        N/A       9%          3
 Airstrike                Air            10%        2d(2-18)  28%         4
 Frozen Ramparts          Ice            2%         1d1       61%         3
 Ice Form                 Ice/Tmut       1%         N/A       95%         4
 Summon Ice Beast         Ice/Summ       1%         N/A       95%         4


Dungeon Overview and Level Annotations

Branches:
Dungeon (4/15)
 Temple: D:4-7

Altars:
Cheibriados


Innate Abilities, Weirdness & Mutations

You have a beak for a mouth.
You have claws for feet.


Message History

Moving in this stuff is going to be slow.
You open the door.
There is an open door here.
There is a faded altar of an unknown god here.
This altar belongs to (a) Lugonu, (b) Yredelemnul or (c) Ashenzari, but you can't tell which.
Press the corresponding letter to learn more about a god, or press enter to convert or escape to cancel.
Okay, then.
There is an open door here.
There is a stone staircase leading down here.
There is a stone staircase leading down here.
You open the door.
There is an open door here.
Partly explored, can't reach some places.
Partly explored, can't reach some places.
There is an open door here.
There is a stone staircase leading down here.
You climb downwards.
There is a stone staircase leading up here.
A hobgoblin and a gnoll come into view.
The hobgoblin shouts!
The gnoll shouts!
You hit the hobgoblin. Your peck misses the hobgoblin.
The hobgoblin is severely wounded.
The hobgoblin closely misses you.
You hit the hobgoblin.
You kill the hobgoblin!
The zap hits the gnoll.
The gnoll is lightly wounded.
The zap hits the gnoll.
The gnoll is heavily wounded.
You miscast Shock.
You are very lightly contaminated with residual magic.
Nothing appears to happen.
A scorpion comes into view.
The gnoll hits you from afar with a +0 halberd!
Ouch! That really hurt!
There is a stone staircase leading up here.
You are too injured to fight recklessly!
Magic restored.
The gnoll hits you from afar with a +0 halberd!
Ouch! That really hurt!
You die...

... ...
..# #.s
#.. #..
#..####
#..g.@#
##.####
...
#.### #


You could see a gnoll.

Vanquished Creatures
  3 adders
  A dart slug (D:1)
  4 ball pythons
  4 endoplasms
  5 giant cockroaches
  5 goblins
  7 hobgoblins
  5 jackals
  6 kobolds
  2 quokkas (D:1)
  6 bats
  2 frilled lizards (D:1)
  5 rats
55 creatures vanquished.

Notes
Turn   | Place    | Note
-------+----------+-------------------------------------------
     0 | D:1      | Gorgondantess the Tengu Air Elementalist began the quest
                  | for the Orb.
     0 | D:1      | Reached XP level 1. HP: 10/10 MP: 4/4
   124 | D:1      | Reached XP level 2. HP: 15/15 MP: 4/6
   167 | D:1      | Learned a level 2 spell: Static Discharge
   590 | D:1      | Reached XP level 3. HP: 19/19 MP: 4/7
  1106 | D:2      | Reached skill level 5 in Air Magic
  1335 | D:2      | Reached XP level 4. HP: 13/24 MP: 0/8
  1487 | D:2      | Reached skill level 1 in Armour
  2216 | D:3      | Found a faded altar of an unknown god.
  2291 | D:3      | Found a snail-covered altar of Cheibriados.
  2922 | D:4      | Noticed a scorpion
  2925 | D:4      | Slain by a gnoll

Illustrated notes

Levels and vault maps discovered:
D:1:      minmay_arrival_arboretum_large, layout_loops_ring, st_stairs_6
D:2:      layout_basic
D:3:      layout_loops_corners, lemuel_tele_altar,
          nicolae_ecumenical_lake_church
D:4:      layout_basic, nemelex_altar_shiori, uniq_robin, uniq_eustachio

Skill      XL: |  1  2  3  4 |
---------------+-------------+-----
Conjurations   | 2 3 |  3.7
Air Magic      | 5 |  5.4
Armour         | 1 |  1.0
Dodging        | |  2.1
Stealth        | |  2.0
Spellcasting   | |  2.2

Action                     |  1- 3 |  4- 6 || total
---------------------------+-------+-------++-------
  Melee: Trident           |    18 |     3 ||    21
         Kick              |     3 |       ||     3
   Cast: Shock             |    57 |    33 ||    90
         Static Discharge  |     1 |       ||     1
   Stab: Sleeping          |     1 |       ||     1
 Armour: Robe              |     7 |       ||     7
         Leather armour    |       |     1 ||     1
  Dodge: Dodged            |    11 |     2 ||    13

Table legend: (Time is in decaauts)
 A = Elapsed time spent in this place.
 B = Non-inter-level travel time spent in this place.
 C = Inter-level travel time spent in this place.
 D = Time resting spent in this place.
 E = Time spent auto-exploring this place.
 F = Levels seen in this place.
 G = Mean time per level.
                   A        B        C        D        E       F      G
               +--------+--------+--------+--------+--------+-----+--------+
         Total |   2933 |   2832 |    101 |     59 |   2473 |   4 |  733.2 |
       Dungeon |   2933 |   2832 |    101 |     59 |   2473 |   4 |  733.2 |
               +--------+--------+--------+--------+--------+-----+--------+

Top non-repeatable levels by time:
     D:1: 1063 daAuts
     D:2: 1004 daAuts
     D:3: 855 daAuts
     D:4: 10 daAuts
